 Dungeon Crawl Stone Soup version 0.30-a0-782-ge64f9170bb (webtiles) character file.

Game seed: 17442949397135729555

10407 domi the Destroyer (level 11, -5/84 HPs)
             Began as a Demonspawn Conjurer on Feb 18, 2023.
             Was an Initiate of Gozag.
             Killed by vampiric draining
             ... invoked by a vampire
              (19 damage)
             ... on level 10 of the Dungeon.
             The game lasted 00:27:44 (10121 turns).

domi the Destroyer (Demonspawn Conjurer)           Turns: 10121, Time: 00:27:45

Health: -5/84      AC: 10    Str:  8    XL:     11   Next: 35%
Magic:  4/27       EV: 19    Int: 24    God:    Gozag
Gold:   1398       SH:  0    Dex: 11    Spells: 9/20 levels left

rFire   . . .      SeeInvis .    w - +3 spear of the Whelk {elec, Fly rCorr MP+9}
rCold   . . .      Faith    .    (no shield)
rNeg    . . .      Spirit   .    G - +0 ring mail
rPois   .          Reflect  .    (helmet restricted)
rElec   .          Harm     .    q - +0 cloak
rCorr   +          Rampage  .    D - +1 Delatra's gloves {ID++}
Will    .....                    (no boots)
Stlth   ++                       (no amulet)
HPRegen 0.34/turn                d - +5 ring of evasion
MPRegen 0.20/turn                k - ring of wizardry {Wiz+}

@: about to teleport, gold aura, flying, slowed, very slow
A: antennae 1, foul stench 1, spiny 2, sturdy frame 3
a: Renounce Religion, Potion Petition, Call Merchant, Bribe Branch


You were on level 10 of the Dungeon.
You worshipped Gozag.
Gozag was most pleased with you.
You visited 1 branch of the dungeon, and saw 11 of its levels.

You collected 1546 gold pieces.
You paid 148 gold pieces to Gozag.

Inventory:

Hand Weapons
 w - the +3 spear of the Whelk (weapon) {elec, Fly rCorr MP+9}
   (You found it on level 4 of the Dungeon)

   MP:        It affects your magic capacity (+9).
   Fly:       It grants you flight.
   rCorr:     It protects you from acid and corrosion.
 A - the +10 falchion "Keklyn" {drain, rF+ Str+5}
   (You found it on level 4 of the Dungeon)

   Str:       It affects your strength (+5).
   rF:        It protects you from fire.
 E - the +6 hammer of Honour {vamp, Fly}
   (You found it on level 6 of the Dungeon)

   Fly:       It grants you flight.
Armour
 o - the +1 robe of the Illusory Nights {Harm rElec Int-3}
   (You found it on level 3 of the Dungeon)

   Int:       It affects your intelligence (-3).
   rElec:     It insulates you from electricity.
   Harm:      It increases damage dealt and taken.
 q - a +0 cloak (worn)
   (You found it on level 3 of the Dungeon)
 D - the +1 Delatra's gloves (worn) {ID++}
   (You found it on level 6 of the Dungeon)

   ID++:      It heals its wearer when they drink unknown potions, and restores
   their MP when they read unknown scrolls.
 G - a +0 ring mail (worn)
   (You found it on level 7 of the Dungeon)
Magical Staves
 e - a staff of earth
   (You found it on level 1 of the Dungeon)
 B - a staff of air {rElec}
   (You found it on level 6 of the Dungeon)
Jewellery
 d - a +5 ring of evasion (left hand)
   (You found it on level 1 of the Dungeon)
 k - a ring of wizardry (right hand) {Wiz+}
   (You found it on level 2 of the Dungeon)
 u - a ring of see invisible {sInv}
   (You found it on level 4 of the Dungeon)
 v - a ring of protection from fire {rF+}
   (You found it on level 4 of the Dungeon)
 F - an amulet of guardian spirit {Spirit}
   (You found it on level 8 of the Dungeon)
 H - a ring of flight {+Fly, !d}
   (You found it on level 9 of the Dungeon)
Wands
 j - a wand of acid (31)
   (You found it on level 5 of the Dungeon)
 y - a wand of roots (7)
   (You found it on level 5 of the Dungeon)
 z - a wand of flame (18)
   (You found it on level 8 of the Dungeon)
Scrolls
 a - a scroll of summoning
 c - 3 scrolls of enchant weapon
 f - 6 scrolls of identify {@r1}
 h - a scroll of fog
 l - 2 scrolls of teleportation {@r4}
 p - 3 scrolls of poison {!r}
Potions
 b - a potion of heal wounds {unknown}
 g - 3 potions of flight
 i - a potion of invisibility
 m - a potion of berserk rage {unknown}
 r - 4 potions of mutation {!q!q}
 s - 3 potions of ambrosia {unknown}
 t - a potion of brilliance {unknown}
 x - 2 potions of cancellation
 C - a potion of attraction {unknown}


   Skills:
 + Level 7.5 Fighting
 + Level 6.9 Armour
 + Level 7.2 Dodging
 - Level 1.7 Stealth
 - Level 5.0 Spellcasting
 + Level 9.2 Conjurations
 - Level 5.0 Hexes
 - Level 5.0 Translocations


You had 9 spell levels left.
You knew the following spells:

 Your Spells              Type           Power      Damage    Failure   Level
c - Iskenderun's Mystic   Conj/Tloc      40%        2d9       1%          4
x - Searing Ray           Conj           100%       2d8       1%          2
z - Magic Dart            Conj           100%       1d8       1%          1
Z - Fulminant Prism       Conj/Hex       20%        3d12      1%          4

Your spell library contained the following spells:

 Spells                   Type           Power      Damage    Failure   Level
 Dazzling Flash           Conj/Hex       80%        N/A       1%          3
 Gell's Gravitas          Tloc           30%        N/A       1%          3
 Teleport Other           Tloc           30%        N/A       1%          3
 Dispersal                Tloc           15%        N/A       52%         6


Dungeon Overview and Level Annotations

Branches:
Dungeon (11/15)            Temple (0/1) D:6            Lair (0/5) D:11
    Orc: D:9-12

Altars:
Dithmenos
Gozag
Kikubaaqudgha
Sif Muna
Vehumet

Shops:
D:6 (   D:11 [

Annotations:
D:3 Jessica
D:10 Urug


Innate Abilities, Weirdness & Mutations

You have a pair of small antennae on your head.
You may rarely emit foul miasma when damaged in melee.
You are mostly covered in sharp spines.
Your movements are significantly less encumbered by armour. (ER -6)


Message History

The blast of energy engulfs the komodo dragon!!
The blast of energy engulfs Sonja!
You kill Sonja!
The blast of energy engulfs the killer bee!
The killer bee is no longer distracted by gold.
The killer bee buzzes angrily.
The blast of energy engulfs the vampire!!
The killer bee buzzes angrily.
You hear a shout! x4; You hear a bellow! x2
You hear a shout! x4
You conjure a prism of explosive energy!
A fulminant prism comes into view.
You feel very sick. The killer bee completely misses you.
The killer bee is distracted by your dazzling golden aura.
The komodo dragon is distracted by your dazzling golden aura.
The killer bee is distracted by your dazzling golden aura.
The searing ray hits the killer bee.
You kill the killer bee!
The searing ray hits the killer bee! (Press . to maintain the ray.)
The killer bee buzzes angrily.
The komodo dragon hisses angrily.
You feel very sick.
The killer bee is no longer distracted by gold.
The killer bee is distracted by your dazzling golden aura. x2
A yak comes into view.
Your fulminant prism crackles loudly.
An orc comes into view. It is wielding a +0 mace.
A yak comes into view. x2
The searing ray hits the vampire.
The searing ray hits the killer bee!
The killer bee is no longer distracted by gold.
The killer bee buzzes angrily.
You feel sick.
The komodo dragon is no longer distracted by gold.
The killer bee is distracted by your dazzling golden aura.
The komodo dragon is distracted by your dazzling golden aura.
The blast of energy engulfs the killer bee!
You kill the killer bee!
The blast of energy engulfs the komodo dragon!!
You kill the komodo dragon!
The blast of energy engulfs the vampire!
The blast of energy engulfs the killer bee!
The killer bee is no longer distracted by gold.
The vampire draws life force from you!!
The vampire is healed by the life force!
The killer bee is distracted by your dazzling golden aura.
The killer bee buzzes angrily.
You hear a shout!
You hear a bellow!
You conjure a prism of explosive energy!
A fulminant prism comes into view.
You feel sick. The vampire is struck by your spines. The vampire hits you!
The vampire completely misses you.
A yak comes into view.
The yak is distracted by your dazzling golden aura.
A troll comes into view.
An orc wizard comes into view. It is wielding a +0 dagger.
The orc is distracted by your dazzling golden aura.
The yak snorts and paws the ground.
The troll is distracted by your dazzling golden aura.
The vampire closely misses you. x2
The yak is distracted by your dazzling golden aura.
Aim: a killer bee (severely wounded, ally target, 65% to hit)
The searing ray hits the vampire but does no damage.
The searing ray hits the killer bee!
You kill the killer bee! (Press . to maintain the ray.)
The orc shouts!
The yak bellows!
You feel sick.
The yak is no longer distracted by gold.
An orc warrior comes into view. It is wielding a +0 dire flail.
The vampire completely misses you. The vampire barely misses you.
Your fulminant prism crackles loudly.
The searing ray hits the vampire but does no damage.
The searing ray hits the yak!
You feel sick.
You are no longer poisoned.
The orc warrior shouts!
The troll is no longer distracted by gold.
The vampire hits you! The vampire misses you.
The blast of energy engulfs the yak!
The blast of energy engulfs the vampire.
The blast of energy engulfs the yak!!
The yak is no longer distracted by gold.
The blast of energy engulfs the yak!! x2
The yak is distracted by your dazzling golden aura.
The troll is distracted by your dazzling golden aura.
The orc warrior unwields a +0 dire flail.
The orc warrior wields a +0 arbalest.
The orc warrior shoots a bolt.
The bolt completely misses you.
An orc comes into view. It is wielding a +0 dagger.
Urug the Orcish Ballista comes into view.
She is wielding a +6 eveningstar and quivering silver javelins.
The vampire is distracted by your dazzling golden aura.
The troll shouts!
You hear a shout!
You hear a bellow! x2
As you read the scroll of teleportation {@r4}, it crumbles to dust.
You feel strangely unstable.
The vampire is no longer distracted by gold.
The orc is no longer distracted by gold.
The yak is no longer distracted by gold.
The orc warrior shoots a bolt.
The bolt hits you!
* * * LOW HITPOINT WARNING * * *
The vampire draws life force from you!!
You die...
Your body crumbles into a pile of gold.

....#.##o#
........ .
##......#
oo#.......
.........#
#o.......# .#
#...o....#...#
#..@....#
###VY.....#
$Y..$....
..Y.)....T
...$Y......
..>$........
.............
..............


You could see Urug, 4 yaks, a troll, a vampire, an orc warrior, an orc wizard
and 2 orcs.

Vanquished Creatures
  Sonja (D:10)
  Pikel (D:5)
  A manticore (D:11)
  An unseen horror (D:11)
  A gargoyle (D:11)
  2 komodo dragons
  Sigmund (D:5)
  Eustachio (D:6)
  18 yaks (D:11)
  A basilisk (D:11)
  A steam dragon (D:4)
  3 vampire mosquitoes (D:11)
  Menkaure (D:5)
  10 water moccasins
  2 ice beasts
  3 orc warriors
  Duvessa (D:7)
  A centaur (D:6)
  2 ogres (D:6)
  4 lemures
  A phantom (D:5)
  5 kobold brigands
  2 bullfrogs
  A gnoll sergeant (D:6)
  4 scorpions
  9 wights
  Dowan (D:7)
  5 killer bees (D:10)
  A jelly (D:7)
  4 orc priests
  Crazy Yiuf (D:6)
  3 hounds
  3 iguanas
  8 orc wizards
  5 gnolls (D:6)
  7 adders
  A shadow imp (D:6)
  3 white imps
  An ufetubus (D:6)
  3 worms
  A dart slug (D:2)
  30 orcs
  8 endoplasms
  4 giant cockroaches
  8 goblins
  4 hobgoblins
  2 jackals (D:3)
  3 quokkas
  10 ball pythons
  12 bats
  3 frilled lizards
  34 kobolds
  4 rats
247 creatures vanquished.

Vanquished Creatures (others)
  67 fulminant prisms
  60 fungi
  58 plants (D:11)
185 creatures vanquished.

Grand Total: 432 creatures vanquished

Notes
Turn   | Place    | Note
-------+----------+-------------------------------------------
     0 | D:1      | domi the Demonspawn Conjurer began the quest for the Orb.
     0 | D:1      | Reached XP level 1. HP: 13/13 MP: 3/3
   316 | D:1      | Gained mutation: You are partially covered in sharp spines.
                  | [demonic ancestry]
   316 | D:1      | Reached XP level 2. HP: 19/19 MP: 1/5
   412 | D:1      | Found a faded altar of an unknown god.
  1039 | D:2      | Reached skill level 5 in Conjurations
  1039 | D:2      | Reached XP level 3. HP: 24/24 MP: 3/6
  1042 | D:2      | Learned a level 2 spell: Searing Ray
  1608 | D:2      | Reached skill level 3 in Spellcasting
  1608 | D:2      | Gained mutation: You have a pair of small antennae on your
                  | head. [demonic ancestry]
  1608 | D:2      | Reached XP level 4. HP: 30/30 MP: 4/8
  1613 | D:2      | Learned a level 4 spell: Iskenderun's Mystic Blast
  1733 | D:3      | Identified the +1 robe of the Illusory Nights {Harm rElec
                  | Int-3}
  2237 | D:3      | Noticed Jessica
  3066 | D:4      | Identified the +3 spear of the Whelk {elec, Fly rCorr MP+9}
  3095 | D:4      | Found an ancient bone altar of Kikubaaqudgha.
  3276 | D:4      | Noticed a steam dragon
  3318 | D:4      | Reached skill level 4 in Spellcasting
  3614 | D:4      | Gained mutation: Your movements are slightly less
                  | encumbered by armour. (ER -2) [demonic ancestry]
  3614 | D:4      | Reached XP level 5. HP: 35/35 MP: 9/11
  3752 | D:4      | Learned a level 4 spell: Fulminant Prism
  3757 | D:4      | HP: 6/35 [steam dragon/ball of steam (15)]
  3759 | D:4      | Killed a steam dragon
  3760 | D:4      | Reached skill level 1 in Hexes
  3760 | D:4      | Reached skill level 1 in Translocations
  3760 | D:4      | Reached XP level 6. HP: 7/41 MP: 3/12
  3889 | D:4      | Identified the +10 falchion "Keklyn" {drain, rF+ Str+5}
  3975 | D:5      | Entered Level 5 of the Dungeon
  4172 | D:5      | Noticed an ice beast
  4180 | D:5      | Killed an ice beast
  4181 | D:5      | Reached skill level 2 in Hexes
  4181 | D:5      | Reached skill level 2 in Translocations
  4261 | D:5      | Noticed Menkaure
  4275 | D:5      | Killed Menkaure
  4371 | D:5      | Reached skill level 5 in Spellcasting
  4371 | D:5      | Reached XP level 7. HP: 40/46 MP: 14/14
  4373 | D:5      | Reached skill level 3 in Hexes
  4384 | D:5      | Reached skill level 3 in Translocations
  4527 | D:5      | Noticed Sigmund
  4537 | D:5      | Killed Sigmund
  4538 | D:5      | Reached skill level 4 in Hexes
  4583 | D:5      | Noticed Pikel
  4586 | D:5      | Paralysed by Pikel for 2 turns
  4590 | D:5      | Paralysed by Pikel for 2 turns
  4667 | D:5      | Paralysed by Pikel for 2 turns
  4877 | D:5      | Paralysed by Pikel for 4 turns
  4890 | D:5      | Killed Pikel
  4891 | D:5      | Reached skill level 5 in Hexes
  4891 | D:5      | Reached skill level 5 in Translocations
  4891 | D:5      | Reached skill level 1 in Fighting
  4891 | D:5      | Reached skill level 1 in Armour
  4891 | D:5      | Reached skill level 2 in Dodging
  4891 | D:5      | Gained mutation: Your movements are less encumbered by
                  | armour. (ER -4) [demonic ancestry]
  4891 | D:5      | Reached XP level 8. HP: 36/54 MP: 8/15
  5174 | D:6      | Noticed Eustachio
  5178 | D:6      | Reached skill level 2 in Fighting
  5194 | D:6      | Reached skill level 2 in Armour
  5203 | D:6      | Killed Eustachio
  5204 | D:6      | Reached skill level 3 in Dodging
  5346 | D:6      | Found Kapin's Weapon Shop.
  5540 | D:6      | Found an opulent altar of Gozag.
  5549 | D:6      | Reached skill level 3 in Fighting
  5549 | D:6      | Reached skill level 6 in Conjurations
  5549 | D:6      | Gained mutation: Your movements are significantly less
                  | encumbered by armour. (ER -6) [demonic ancestry]
  5549 | D:6      | Reached XP level 9. HP: 38/63 MP: 16/16
  5727 | D:6      | Became a worshipper of Gozag Ym Sagoz the Greedy
  5840 | D:6      | Reached skill level 3 in Armour
  5975 | D:6      | Found a staircase to the Ecumenical Temple.
  6031 | D:6      | Found a shadowy altar of Dithmenos.
  6058 | D:6      | Found the +1 Delatra's gloves {ID++}
  6060 | D:6      | Reached skill level 4 in Dodging
  6319 | D:6      | Found a runed translucent door.
  6320 | D:6      | Noticed Crazy Yiuf
  6427 | D:6      | Killed Crazy Yiuf
  6436 | D:6      | Identified the +6 hammer of Honour {vamp, Fly}
  6593 | D:7      | Reached skill level 4 in Fighting
  7304 | D:7      | Reached skill level 4 in Armour
  7358 | D:7      | Found a radiant altar of Vehumet.
  7545 | D:7      | Reached skill level 7 in Conjurations
  7620 | D:7      | Found a shimmering blue altar of Sif Muna.
  7854 | D:7      | Noticed Duvessa
  7856 | D:7      | Noticed Dowan
  7864 | D:7      | Killed Dowan
  7870 | D:7      | Killed Duvessa
  7871 | D:7      | Reached skill level 5 in Dodging
  8221 | D:8      | Reached skill level 5 in Fighting
  8383 | D:8      | Gained mutation: You may rarely emit foul miasma when
                  | damaged in melee. [demonic ancestry]
  8383 | D:8      | Reached XP level 10. HP: 61/74 MP: 15/17
  9043 | D:9      | You are sucked into a shaft and drop 2 floors!
  9204 | D:11     | Reached skill level 5 in Armour
  9234 | D:11     | Reached skill level 8 in Conjurations
  9382 | D:11     | Reached skill level 6 in Fighting
  9382 | D:11     | Reached skill level 6 in Dodging
  9430 | D:11     | HP: 19/76 [komodo dragon (29)]
  9766 | D:11     | Noticed a manticore
  9773 | D:11     | Reached skill level 6 in Armour
  9783 | D:11     | Killed a manticore
  9785 | D:11     | Gained mutation: You are mostly covered in sharp spines.
                  | [demonic ancestry]
  9785 | D:11     | Reached XP level 11. HP: 65/83 MP: 14/18
  9787 | D:11     | Reached skill level 7 in Fighting
  9938 | D:11     | Found a staircase to the Lair.
 10022 | D:11     | Reached skill level 9 in Conjurations
 10028 | D:11     | Reached skill level 7 in Dodging
 10095 | D:11     | Found Fenon's Antique Armour Boutique.
 10107 | D:10     | Entered Level 10 of the Dungeon
 10107 | D:10     | Noticed Sonja
 10114 | D:10     | Killed Sonja
 10120 | D:10     | Noticed Urug
 10121 | D:10     | HP: 14/84 [orc warrior/bolt (12)]
 10121 | D:10     | Killed from afar by a vampire

Illustrated notes

Levels and vault maps discovered:
D:1:      minmay_arrival_doors, layout_basic, ebering_ecumenical_altar_rust
D:2:      layout_rooms, minivault_26, chequers_serial_rivers_marsh,
          minmay_split_cup_small
D:3:      layout_basic, uniq_jessica
D:4:      layout_loops_corners, mainiacjoe_overflow_alcove_2
D:5:      layout_rooms, uniq_sigmund, uniq_edmund, uniq_pikel, uniq_menkaure
D:6:      layout_basic, grunt_gozag_statues, mainiacjoe_overflow_chevrons,
          overflow_temple_1_default, temple_hall, serial_shops, shop,
          pf_guarded_unrand_delatra, uniq_eustachio, uniq_crazy_yiuf_cottage
D:7:      layout_loops_corners, kennysheep_orc_sif_temple,
          mainiacjoe_overflow_alcove_1, uniq_duvessa
D:8:      old_forge, layout_rooms
D:9:      layout_irregular_city, mainiacjoe_overflow_24_doors
D:10:     layout_cave_pools, mainiacjoe_overflow_big_doors,
          kennysheep_orc_monster_closet_entryway, enter_trove_1, library_closet,
          uniq_urug, uniq_sonja, uniq_harold
D:11:     argonaut_augean_stables, layout_loops_ring,
          due_lair_maze_entry_diamond, serial_shops,
          nicolae_shop_bloodbath_and_beyond, kennysheep_little_box, shop_statue

Skill      XL: |  1  2  3  4  5  6  7  8  9 10 11 |
---------------+----------------------------------+-----
Conjurations   | 5 6 7 8 9 |  9.2
Spellcasting   | 3 4 5 |  5.0
Hexes          | 1 2 5 |  5.0
Translocations | 1 2 5 |  5.0
Fighting       | 1 3 5 6 7 |  7.5
Armour         | 1 2 4 6 |  6.9
Dodging        | 2 3 5 6 7 |  7.2
Stealth        | |  1.7

Action                     |  1- 3 |  4- 6 |  7- 9 | 10-12 || total
---------------------------+-------+-------+-------+-------++-------
  Melee: Dagger            |    11 |       |       |       ||    11
         Spear             |       |     2 |    29 |    26 ||    57
         Punch             |       |       |     1 |       ||     1
   Cast: Magic Dart        |    64 |    70 |    91 |    49 ||   274
         Searing Ray       |       |     9 |    32 |    10 ||    51
         Fulminant Prism   |       |     2 |    39 |    26 ||    67
         Iskenderun's Myst |       |       |       |     7 ||     7
  Evoke: Wand              |       |       |     1 |     2 ||     3
    Use: Scroll            |       |    10 |     4 |     2 ||    16
         Potion            |       |       |       |     2 ||     2
 Armour: Leather armour    |       |     1 |    13 |       ||    14
         Ring mail         |       |       |     3 |    16 ||    19
  Dodge: Dodged            |     6 |     8 |    78 |    69 ||   161

Table legend: (Time is in decaauts)
 A = Elapsed time spent in this place.
 B = Non-inter-level travel time spent in this place.
 C = Inter-level travel time spent in this place.
 D = Time resting spent in this place.
 E = Time spent auto-exploring this place.
 F = Levels seen in this place.
 G = Mean time per level.
                   A        B        C        D        E       F      G
               +--------+--------+--------+--------+--------+-----+--------+
         Total |  10131 |   9835 |    296 |   1784 |   6720 |  11 |  921.0 |
       Dungeon |  10131 |   9835 |    296 |   1784 |   6720 |  11 |  921.0 |
               +--------+--------+--------+--------+--------+-----+--------+

Top non-repeatable levels by time:
     D:7: 1601 daAuts
     D:4: 1570 daAuts
     D:6: 1428 daAuts
    D:11: 1066 daAuts
     D:3: 1015 daAuts
     D:2: 869 daAuts
     D:1: 857 daAuts
     D:8: 836 daAuts
     D:5: 781 daAuts
     D:9: 87 daAuts
    D:10: 16 daAuts

Table legend:
 A = Kills in this place as a percentage of kills in entire the game.
 B = Kills by you in this place as a percentage of kills by you in the entire game.
 C = Kills by friends in this place as a percentage of kills by friends in the entire game.
 D = Other kills in this place as a percentage of other kills in the entire game.
 E = Experience gained in this place as a percentage of experience gained in the entire game.
 F = Experience gained in this place divided by the number of levels of this place that you have seen.
                   A       B       C       D       E      F
               +-------+-------+-------+-------+-------+----------------------
         Total | 100.0 | 100.0 |   N/A |   N/A | 100.0 | 1351.6
       Dungeon | 100.0 | 100.0 |   N/A |   N/A | 100.0 | 1351.6
               +-------+-------+-------+-------+-------+----------------------
